 Dungeon Crawl Stone Soup version 0.28.0-53-g5a82cb258f (webtiles) character file.

Game seed: 15584599633433700849

43 Sin92 the Digger (level 3, -8/28 HPs)
             Began as a Draconian Earth Elementalist on July 7, 2022.
             Mangled by a gnoll
             ... wielding a +0 flail
              (9 damage)
             ... on level 2 of the Dungeon.
             The game lasted 00:02:11 (991 turns).

Sin92 the Digger (Draconian Earth Elementalist)      Turns: 991, Time: 00:02:12

Health: -8/28      AC:  9    Str: 12    XL:     3   Next: 37%
Magic:  2/6        EV: 12    Int: 15    God:
Gold:   51         SH:  0    Dex: 11    Spells: 5/6 levels left

rFire   . . .      SeeInvis .   h - +0 whip
rCold   . . .      Faith    .   (no shield)
rNeg    . . .      Spirit   .   (armour unavailable)
rPois   .          Reflect  .   (helmet restricted)
rElec   .          Harm     .   (no cloak)
rCorr   .          Rampage  .   a - +2 pair of gloves
Will    .....                   i - +0 pair of boots
Stlth   ++........              (no amulet)
HPRegen 0.09/turn               (no ring)
MPRegen 0.10/turn               (no ring)

@: no status effects
A: AC +5, unfitting armour, cold-blooded
a: no special abilities


You were on level 2 of the Dungeon.
You visited 1 branch of the dungeon, and saw 2 of its levels.

You collected 51 gold pieces.

Inventory:

Hand Weapons
 h - a +0 whip (weapon)
Missiles
 b - 22 stones
Armour
 a - a +2 pair of gloves (worn)
 i - a +0 pair of boots (worn)
Scrolls
 e - 2 scrolls of teleportation {unknown}
Potions
 g - a potion of mutation {unknown}


   Skills:
 + Level 1.3 Fighting
 + Level 0.8 Maces & Flails
 + Level 2.0 Dodging
 + Level 2.2 Stealth
 + Level 2.1 Spellcasting
 + Level 1.5 Transmutations
 + Level 3.2 Earth Magic


You had 5 spell levels left.
You knew the following spells:

 Your Spells              Type           Power      Damage    Failure   Level
a - Sandblast             Erth           22%        2d7       6%          1

Your spell library contained the following spells:

 Spells                   Type           Power      Damage    Failure   Level
 Passwall                 Tmut/Erth      6%         N/A       13%         2
 Stone Arrow              Conj/Erth      12%        3d7       34%         3
 Petrify                  Tmut/Erth      8%         N/A       63%         4


Dungeon Overview and Level Annotations

Branches:
Dungeon (2/15)

Altars:


Innate Abilities, Weirdness & Mutations

Your plain brown scales are hard. (AC +5)
You cannot fit into any form of body armour.
You are cold-blooded and may be slowed by cold attacks.


Message History

You closely miss the adder. The adder closely misses you.
The adder bites you but does no damage.
Aiming: Sandblast (safe; 6% risk of failure)
Press: ? - help, Q - select action, (/) - cycle Shift-Dir - straight line, f - adder
Aim: an adder (66% to hit)
The blast of sand hits the adder!
The adder is almost dead.
The adder bites you.
* * * LOW HITPOINT WARNING * * *
Aiming: Sandblast (safe; 6% risk of failure)
Press: ? - help, Q - select action, (/) - cycle Shift-Dir - straight line, f/p - adder
Aim: an adder (almost dead, 66% to hit)
The blast of sand hits the adder!
You kill the adder!
Aiming: Sandblast (safe; 6% risk of failure)
Press: ? - help, Q - select action, (/) - cycle Shift-Dir - straight line, f - gnoll
Aim: a gnoll, wielding a +0 flail (82% to hit)
The blast of sand hits the gnoll.
The gnoll is heavily wounded.
Aiming: Sandblast (safe; 6% risk of failure)
Press: ? - help, Q - select action, (/) - cycle Shift-Dir - straight line, f/p - gnoll
Aim: a gnoll, wielding a +0 flail (heavily wounded, 82% to hit)
The blast of sand hits the gnoll but does no damage.
The gnoll is heavily wounded.
The gnoll hits you but does no damage.
You closely miss the gnoll.
The gnoll is heavily wounded.
The gnoll hits you with a +0 whip.
* * * LOW HITPOINT WARNING * * *
The gnoll hits you with a +0 flail.
* * * LOW HITPOINT WARNING * * *
You hit the gnoll. You tail-slap the gnoll.
The gnoll is heavily wounded.
The gnoll hits you but does no damage. x2
You closely miss the gnoll.
Your tail-slap misses the gnoll.
The gnoll is heavily wounded.
The gnoll hits you with a +0 whip.
* * * LOW HITPOINT WARNING * * *
The gnoll hits you with a +0 flail!
You die...

#.# #. ##.## #.
#...# #. #...# #.
#...# #? #...#
######. ####.<.#
.......####g.....#
#...g@##...#
......<.######...#
.....#### #...#
.... ##### ... ..
.


You could see 2 gnolls.

Vanquished Creatures
  An adder (D:2)
  A gnoll (D:2)
  A dart slug (D:1)
  3 endoplasms (D:1)
  A giant cockroach (D:1)
  2 goblins (D:1)
  3 hobgoblins
  2 kobolds (D:1)
  A quokka (D:1)
  2 ball pythons (D:1)
  A bat (D:1)
  3 rats (D:1)
21 creatures vanquished.

Notes
Turn   | Place    | Note
-------+----------+-------------------------------------------
     0 | D:1      | Sin92 the Draconian Earth Elementalist began the quest for
                  | the Orb.
     0 | D:1      | Reached XP level 1. HP: 14/14 MP: 3/3
   253 | D:1      | Reached XP level 2. HP: 22/22 MP: 3/5
   295 | D:1      | Found a faded altar of an unknown god.
   440 | D:1      | Reached skill level 1 in Fighting
   983 | D:2      | Reached XP level 3. HP: 11/28 MP: 6/6
   991 | D:2      | HP: 1/28 [gnoll/+0 whip (5)]
   991 | D:2      | Mangled by a gnoll

Illustrated notes

Levels and vault maps discovered:
D:1:      shiori_arrival_maze, layout_rooms,
          shapermc_ecumenical_altar_starsandcircs
D:2:      layout_rooms

Skill      XL: |  1  2 |
---------------+-------+-----
Stealth        | 2 |  2.2
Fighting       | 1 |  1.3
Dodging        | 2 |  2.0
Maces & Flails | |  0.8
Spellcasting   | |  2.1
Transmutations | |  1.5
Earth Magic    | |  3.2

Action                   || total
-------------------------++-------
Melee: Club              ||    12
       Whip              ||    60
       Tailslap          ||    13
       Unarmed           ||     3
 Cast: Sandblast         ||     8
  Use: Scroll            ||     2
       Potion            ||     1
 Stab: Sleeping          ||     1
Armor: Skin              ||    44
Dodge: Dodged            ||    59
